 Dungeon Crawl Stone Soup version 0.30-a0-748-ge6a52f7cba (webtiles) character file.

Game seed: 11930225438490437199

473132 boo the Wrestler (level 23, -1/154 (192) HPs)
             Began as a Demonspawn Monk on Feb 9, 2023.
             Was a High Priest of Okawaru.
             Slain by a fire giant
             ... wielding a +2 great sword of flaming
              (26 damage)
             ... on level 2 of the Depths.
             The game lasted 02:56:46 (66226 turns).

boo the Wrestler (Demonspawn Monk)                 Turns: 66226, Time: 02:56:46

HP:   -1/154 (192)  AC: 16    Str: 34    XL:     23   Next: 57%
MP:   28/36         EV: 23    Int: 16    God:    Okawaru [*****.]
Gold: 3364          SH:  5    Dex: 16    Spells: 13/41 levels left

rFire   + + +      SeeInvis +      - Unarmed
rCold   + . .      Faith    .    (shield currently unavailable)
rNeg    . . .      Spirit   .    g - +3 leather armour {rC+ rF+}
rPois   +          Reflect  +    (helmet unavailable)
rElec   +          Harm     .    B - +2 cloak {rCorr}
rCorr   +          Rampage  .    (gloves currently unavailable)
Will    +++..                    Z - +0 pair of boots "Qot Ani" {rElec rPois Str+9 Dex-4}
Stlth   +++                      L - amulet "Toronule" {Reflect rF+ Str+3 Dex-3 SH+5}
HPRegen 0.45/turn                j - ring of Zoalualo {Will+ Int+3 Dex+4}
MPRegen 0.25/turn                J - ring "Etram" {Fly rCorr Str+2 Int+2 SInv}

@: about to teleport, blade hands, flying, heavily drained
A: horns 3, molten scales 3, hurl damnation, icemail 1, torment resistance 1,
condensation shield, demonic magic 2, demonic willpower
}: 2/15 runes: serpentine, barnacled
a: Hurl Damnation, End Transformation, Renounce Religion, Heroism, Finesse, Duel


You were on level 2 of the Depths.
You worshipped Okawaru.
Okawaru was extremely pleased with you.
You had blades for hands.
You visited 9 branches of the dungeon, and saw 40 of its levels.
You visited the Abyss 1 time.
You visited 1 bazaar.
You also visited: Ice Cave and Wizlab.

You collected 5969 gold pieces.
You spent 2605 gold pieces at shops.

Inventory:

Missiles
 l - 5 curare-tipped darts
 N - 2 throwing nets (quivered)
Armour
 g - a +3 leather armour of resistance (worn)
 i - the +2 pair of gloves of the Trout {rElec}
   (You found it in a wizard's laboratory)

   rElec:     It insulates you from electricity.
 k - a scarf of invisibility
 B - a +2 cloak of preservation (worn)
 F - the +1 leather armour of Follow the Leader {rElec rF+ Int+3}
   (You took it off a deep elf demonologist on level 3 of the Elven Halls)

   Int:       It affects your intelligence (+3).
   rF:        It protects you from fire.
   rElec:     It insulates you from electricity.
 V - a +0 pair of gloves (melded)
 Z - the +0 pair of boots "Qot Ani" (worn) {rElec rPois Str+9 Dex-4}
   (Okawaru gifted it to you on level 14 of the Dungeon)

   Str:       It affects your strength (+9).
   Dex:       It affects your dexterity (-4).
   rElec:     It insulates you from electricity.
   rPois:     It protects you from poison.
Jewellery
 j - the ring of Zoalualo (left blade hand) {Will+ Int+3 Dex+4}
   (You bought it in a shop on level 3 of the Snake Pit)

   [ring of willpower]

   Int:       It affects your intelligence (+3).
   Dex:       It affects your dexterity (+4).
   Will:      It increases your willpower.
 o - a ring of willpower
 u - a ring of ice
 J - the ring "Etram" (right blade hand) {Fly rCorr Str+2 Int+2 SInv}
   (You found it in an ice cave)

   [ring of flight]

   Str:       It affects your strength (+2).
   Int:       It affects your intelligence (+2).
   SInv:      It lets you see invisible.
   Fly:       It grants you flight.
   rCorr:     It protects you from acid and corrosion.
 L - the amulet "Toronule" (around neck) {Reflect rF+ Str+3 Dex-3 SH+5}
   (You took it off a deep elf demonologist on level 3 of the Elven Halls)

   [amulet of reflection]

   It reflects blocked missile attacks.
   Str:       It affects your strength (+3).
   Dex:       It affects your dexterity (-3).
   rF:        It protects you from fire.
   SH:        It affects your SH (+5).
Wands
 n - a wand of paralysis (5)
 s - a wand of digging (18)
 O - a wand of flame (31)
 R - a wand of polymorph (15)
 S - a wand of mindburst (28)
 X - a wand of quicksilver (19)
 Y - a wand of iceblast (35)
Scrolls
 d - 2 scrolls of teleportation
 h - 3 scrolls of blinking
 m - 8 scrolls of fear
 q - 6 scrolls of amnesia
 w - 11 scrolls of fog
 y - 14 scrolls of identify
 C - a scroll of enchant weapon
 D - 2 scrolls of silence
 E - a scroll of brand weapon
 G - 5 scrolls of poison
Potions
 a - 4 potions of might
 b - 6 potions of ambrosia
 c - 3 potions of brilliance
 e - 6 potions of lignification
 f - a potion of flight
 p - 21 potions of curing
 r - 3 potions of haste
 t - 2 potions of heal wounds
 v - 3 potions of magic
 x - 7 potions of cancellation
 z - 10 potions of mutation
 A - a potion of invisibility
 I - 2 potions of berserk rage
 M - 3 potions of resistance
Miscellaneous
 Q - a condenser vane


   Skills:
 + Level 18.9 Fighting
 + Level 11.7 Armour
 + Level 19.1 Dodging
 - Level 5.1 Stealth
 * Level 21.8 Unarmed Combat
 - Level 9.8 Spellcasting
 - Level 4.6 Hexes
 - Level 9.8 Transmutations


You had 13 spell levels left.
You knew the following spells:

 Your Spells              Type           Power      Damage    Failure   Level
a - Blade Hands           Tmut           19%        N/A       32%         5
b - Ensorcelled Hibernat  Hex/Ice        30%        N/A       36%         2
c - Spider Form           Tmut/Pois      23%        N/A       30%         3
d - Wereblood             Tmut           39%        N/A       10%         2
e - Dragon Form           Tmut           19%        N/A       98%         7
f - Apportation           Tloc           14%        N/A       45%         1
g - Ignite Poison         Fire/Tmut/Pois 18%        N/A       41%         3
h - Swiftness             Air            7%         N/A       73%         3
i - Blink                 Tloc           14%        N/A       56%         2

Your spell library contained the following spells:

 Spells                   Type           Power      Damage    Failure   Level
 Beastly Appendage        Tmut           78%        N/A       9%          1
 Slow                     Hex            88%        N/A       19%         1
 Passwall                 Tmut/Erth      19%        N/A       21%         2
 Confusing Touch          Hex            22%        N/A       30%         3
 Foxfire                  Conj/Fire      28%        2x1d5     45%         1
 Necrotise                Necr           28%        1d5       45%         1
 Inner Flame              Hex/Fire       15%        N/A       50%         3
 Petrify                  Tmut/Erth      23%        N/A       52%         4
 Cigotuvi's Dreadful Rot  Necr/Pois/Air  14%        N/A       56%         2
 Lesser Beckoning         Tloc           14%        N/A       56%         2
 Momentum Strike          Conj/Tloc      14%        3d8       56%         2
 Poisonous Vapours        Pois/Air       14%        N/A       56%         2
 Static Discharge         Conj/Air       14%        2-3/arc   56%         2
 Mephitic Cloud           Conj/Pois/Air  7%         N/A       73%         3
 Ozocubu's Armour         Ice            7%         N/A       73%         3
 Vampiric Draining        Necr           7%         2d6       73%         3
 Anguish                  Hex/Necr       7%         N/A       78%         4
 Alistair's Intoxication  Tmut/Pois      15%        N/A       78%         5
 Irradiate                Conj/Tmut      11%        3d15      78%         5
 Airstrike                Air            3%         2d(1-17)  95%         4
 Flame Wave               Conj/Fire      7%         2d5       95%         4
 Sticky Flame             Conj/Fire      7%         2d3       95%         4
 Metabolic Englaciation   Hex/Ice        7%         N/A       96%         5
 Borgnjor's Vile Clutch   Necr/Erth      3%         N/A       99%         5
 Fireball                 Conj/Fire      3%         3d4       99%         5
 Freezing Cloud           Conj/Ice/Air   3%         6-21      99%         5
 Iskenderun's Battlesphe  Conj           7%         2d6       99%         5
 Eringya's Noxious Bog    Tmut/Pois      11%        N/A       99%         6
 Statue Form              Tmut/Erth      15%        N/A       99%         6
 Iron Shot                Conj/Erth      3%         9d2       100%        6
 Starburst                Conj/Fire      3%         6d3       100%        6
 Enfeeble                 Hex            11%        N/A       100%        7
 Ignition                 Fire           3%         3d4       100%        8
 Polar Vortex             Ice            3%         N/A       100%        9
 Summon Small Mammal      Summ           Unusable   N/A       N/A         1
 Simulacrum               Ice/Necr       Unusable   N/A       N/A         6
 Spellforged Servitor     Conj/Summ      Unusable   N/A       N/A         7

Dungeon Overview and Level Annotations

Branches:
Dungeon (15/15)            Temple (1/1) D:5            Lair (5/5) D:10
 Shoals (4/4) Lair:2        Snake (4/4) Lair:3        Slime (0/5) Lair:5
    Orc (2/2) D:9             Elf (3/3) Orc:2        Vaults (4/5) D:14
  Crypt (0/3) Vaults:2     Depths (1/4) D:15          IceCv (visited)
 WizLab (visited)

Altars:
Ashenzari
Cheibriados
Dithmenos
Fedhas
Gozag
Hepliaklqana
Kikubaaqudgha
Makhleb
Nemelex Xobeh
Okawaru
Qazlal
Ru
Sif Muna
Trog
Uskayaw
Vehumet
Wu Jian
Xom
Yredelemnul
Jiyva

Shops:
D:6 !   D:9 *   D:15 *[   Orc:1 (**   Orc:2 *(((   Shoals:3 *   Snake:1 :*=
Snake:3 =:   Vaults:2 (

Portals:
Hell: Depths:1
Trove: D:11 (give 2 scrolls of acquirement)

Annotations:
D:6 exclusion: downstairs
Lair:1 exclusion: downstairs
Lair:2 exclusion: downstairs
Lair:4 Nessos
Shoals:3 exclusion: downstairs
Vaults:1 exclusion: downstairs
Vaults:2 Boris
Depths:1 2 runed translucent doors, Dameikh's ghost, veteran FoFi
Depths:2 1 runed translucent door


Innate Abilities, Weirdness & Mutations

You have blades for hands.
Your spellcasting is less reliable in this form.
You are incapable of wielding weapons or throwing items.
You have a pair of large horns on your head.
You are completely covered in molten scales. (AC +4, rF+)
You can hurl damnation.
A meltable icy envelope protects you from harm. (AC +0)
You are resistant to unholy torment.
A meltable shield of frost defends you. (SH +0)
Spells you cast may paralyse nearby enemies.
You punish those that try to bend your will. (Will+)


Message History

The spriggan defender blocks your attack.
The spriggan defender is almost dead.
You hear a grinding noise.
The fire giant gestures at you while chanting.
The bolt of fire misses you.
A fire dragon comes into view.
The stone giant completely misses you.
The spriggan defender hits you with a +1 demon whip of draining.
You feel drained.
Casting: Blade Hands (mildly dangerous; 4% risk of failure)
Confirm with . or Enter, or press ? or * to list all spells.
Your hands turn into razor-sharp scythe blades.
Your +0 pair of gloves melds into your body.
Malevolent energies surge around you.
The spriggan defender hits you with a +1 demon whip of draining!
You feel drained.
A deep troll shaman comes into view.
An ettin comes into view. It is wielding two +0 dire flails.
The fire giant completely misses you.
A frost giant comes into view.
It is wielding a +0 battleaxe of freezing. x2
You block the stone giant's attack.
You barely miss the spriggan defender. You headbutt the spriggan defender.
The spriggan defender is almost dead.
The spriggan defender hits you with a +1 demon whip of draining!
You feel drained.
The fire giant hits you with a +2 great sword of flaming.
Your icy defences dissipate!
The stone giant completely misses you.
There are monsters nearby!
Unknown command.
Unknown command.
As you read the scroll of teleportation, it crumbles to dust.
You feel strangely unstable.
The spriggan defender hits you with a +1 demon whip of draining!
You feel drained.
You block the spriggan defender's attack.
The stone giant hits you!!!
* * * LOW HITPOINT WARNING * * *
The fire giant hits you with a +2 great sword of flaming!!
You die...

... ...# #...
...# #...# #..#
.###....##..#
............#
...........#
..........#
....###CC### #
..T.D.T@...#
#y###.CC###i####
.y....)...CD#
##.##y##.#####
.......#.#
#......#
.........#
##.#...#.#
.........


You could see 2 frost giants, a fire giant, a fire dragon, an ice dragon, a
stone giant, a spriggan defender, an ettin, a deep troll earth mage and a deep
troll shaman.

Vanquished Creatures
  Mennas (Vaults:2)
  Xtahua (Vaults:3)
  Vashnia (Snake:4)
  Nikola (Shoals:1)
  Jorgrun (D:15)
  Rupert (D:14)
  The ghost of Wyfalan the Metallomancer, an adept DrCj of Vehumet (Vaults:2)
  2 walking crystal tomes (WizLab)
  A lich (Vaults:2)
  2 deep elf master archers (Elf:3)
  A titan (Vaults:3)
  3 deep elf blademasters
  Asterion (Elf:1)
  Polyphemus (Shoals:3)
  A walking frostbound tome (WizLab)
  Gastronok (D:9)
  3 tengu reavers
  2 sphinxes
  5 nagarajas (Snake:4)
  A strange machine (WizLab)
  A fire giant (Vaults:2)
  2 frost giants (Depths:1)
  22 vault wardens
  A deep elf sorcerer (Elf:3)
  An orc warlord (Vaults:4)
  A deep elf elementalist (Elf:3)
  2 very ugly things (Vaults:3)
  14 ironbound preservers
  5 ironbound thunderhulks
  A war gargoyle (Vaults:4)
  2 stone giants (Depths:1)
  4 deep elf annihilators (Elf:3)
  6 deep elf demonologists
  10 dire elephants
  A fire dragon (Lair:5)
  2 spark wasps (Depths:2)
  2 crystal guardians (Vaults:4)
  2 deep elf death magi
  7 merfolk impalers
  2 ettins
  2 deep elf high priests
  Josephine (D:12)
  9 yaktaur captains
  4 great orbs of eyes
  4 merfolk javelineers
  The ghost of Mouclenn the Arsonist, a journeyman DEFE of Ashenzari (Lair:4)
  Fannar (Lair:1)
  14 vault guards
  2 peacekeepers (Vaults:4)
  5 hydras
  5 ice dragons
  3 merfolk avatars
  4 alligator snapping turtles
  12 rakshasas
  4 catoblepae
  A satyr (Shoals:4)
  7 ironbound frosthearts
  A death knight (D:15)
  Erica (D:10)
  14 centaur warriors
  2 salamander tyrants
  6 boulder beetles
  4 merfolk aquamancers (Shoals:4)
  2 deep troll shamans (Depths:1)
  11 anacondas
  12 naga warriors
  5 two-headed ogres
  33 dancing weapons
  2 death yaks (Shoals:3)
  2 deep troll earth magi (Depths:1)
  5 shock serpents
  2 tengu warriors
  16 naga sharpshooters
  5 orc high priests (Orc:2)
  A spriggan berserker (Depths:2)
  Sonja (Lair:5)
  14 deep elf knights
  Nergalle (D:10)
  A hell knight (D:15)
  7 salamander mystics
  2 iron trolls (Depths:1)
  Amaemon (Lair:2)
  18 sea snakes
  11 naga ritualists
  36 deep trolls
  4 glowing orange brains
  2 necromancers (D:15)
  8 deep elf archers
  22 ironbound convokers
  8 lindwurms
  An obsidian statue (Vaults:3)
  14 wizards
  14 harpies
  26 deep elf zephyrmancers
  5 orc knights
  A wolf spider (Lair:5)
  19 deep elf pyromancers
  A phantasmal warrior (Vaults:4)
  13 mana vipers
  An orc sorcerer (Elf:1)
  45 ugly things
  16 salamanders
  7 fauns (Shoals:3)
  11 cyclopes
  11 manticores
  Joseph (D:7)
  17 elephants
  3 water nymphs
  6 merfolk sirens
  13 vault sentinels
  6 guardian serpents
  22 naga magi
  15 cane toads
  40 black mambas
  2 ice statues (IceCv)
  6 torpor snails
  2 gargoyles (D:12)
  12 komodo dragons
  Psyche (D:12)
  3 unseen horrors (D:12)
  17 rime drakes
  An efreet (D:14)
  An orange demon (Lair:2)
  A komodo dragon (shapeshifter) (Vaults:2)
  40 yaktaurs
  A tengu conjurer (D:13)
  8 trolls
  3 meliai (D:15)
  Prince Ribbit (D:7)
  4 tyrant leeches (Lair:5)
  13 polar bears
  Grinder (D:6)
  12 wind drakes
  7 hornets (Lair:5)
  A queen bee (Lair:2)
  22 merfolk
  4 raiju
  16 dream sheep
  19 blink frogs
  Sigmund (D:3)
  9 snapping turtles
  2 jumping spiders (Lair:4)
  26 slime creatures
  18 water elementals
  33 yaks
  2 shadows (D:9)
  2 air elementals
  3 wyverns
  3 fire elementals
  4 wraiths
  Eustachio (D:5)
  7 basilisks
  16 humans
  6 steam dragons
  16 vampire mosquitoes
  2 redbacks (Lair:4)
  43 nagas
  8 wargs
  3 acid dragons
  17 water moccasins
  A floating eye (Depths:1)
  14 hell hounds (Lair:5)
  29 orc warriors
  12 black bears
  2 ice beasts (D:6)
  3 boggarts (D:15)
  30 wolves
  8 ogres
  4 centaurs
  2 phantoms
  4 kobold brigands
  11 bullfrogs
  A necrophage (D:4)
  A scorpion (D:4)
  7 earth elementals
  A hornet simulacrum (D:15)
  16 wights
  37 killer bees
  2 lindwurm simulacra (IceCv)
  7 electric eels
  A howler monkey (D:10)
  4 lava snakes (Lair:4)
  4 komodo dragon simulacra (IceCv)
  9 hounds
  A jelly (D:6)
  26 orc priests
  A gnoll bouda (D:8)
  Terence (D:3)
  6 iguanas
  15 orc wizards
  Robin (D:2)
  5 adders
  3 gnolls (D:8)
  8 acid dragon simulacra (IceCv)
  7 steam dragon simulacra (IceCv)
  2 worms (D:2)
  A dart slug (D:1)
  88 orcs
  3 bats
  11 endoplasms
  2 giant cockroaches
  14 goblins
  13 hobgoblins
  6 jackals
  4 quokkas (D:1)
  11 ball pythons
  6 frilled lizards
  25 kobolds
  6 rats
  A bush (Shoals:2)
1663 creatures vanquished.

Vanquished Creatures (others)
  A merfolk aquamancer (Shoals:4)
  A deep elf pyromancer (Elf:3)
  A manticore (Shoals:1)
  29 fungi
  156 plants
188 creatures vanquished.

Grand Total: 1851 creatures vanquished

Notes
Turn   | Place    | Note
-------+----------+-------------------------------------------
     0 | D:1      | boo the Demonspawn Monk began the quest for the Orb.
     0 | D:1      | Reached XP level 1. HP: 18/18 MP: 1/1
   190 | D:1      | Reached skill level 3 in Unarmed Combat
   190 | D:1      | Gained mutation: A meltable shield of frost defends you.
                  | (SH +0) [demonic ancestry]
   190 | D:1      | Reached XP level 2. HP: 17/24 MP: 2/2
   577 | D:1      | Gained mutation: Spells you cast may paralyse adjacent
                  | enemies. [demonic ancestry]
   577 | D:1      | Reached XP level 3. HP: 26/29 MP: 3/3
  1110 | D:2      | Noticed a floating eye
  1114 | D:2      | Found a faded altar of an unknown god.
  1459 | D:2      | Noticed an eye of devastation
  1481 | D:2      | Noticed a shining eye
  1481 | D:2      | Noticed a golden eye
  1574 | D:2      | Noticed Robin
  1678 | D:2      | Killed Robin
  1679 | D:2      | Reached XP level 4. HP: 32/35 MP: 4/4
  2030 | D:3      | Identified the +0 scale mail of Tebromp {Dex+5}
  2266 | D:3      | Reached skill level 4 in Unarmed Combat
  2676 | D:3      | Found a blossoming altar of Fedhas.
  2713 | D:3      | Noticed Sigmund
  2734 | D:3      | Killed Sigmund
  2735 | D:3      | Gained mutation: You have a pair of small horns on your
                  | head. [demonic ancestry]
  2735 | D:3      | Reached XP level 5. HP: 23/42 MP: 5/5
  2735 | D:3      | Reached XP level 6. HP: 26/48 MP: 6/6
  2819 | D:3      | Learned a level 5 spell: Blade Hands
  2995 | D:3      | Noticed Terence
  3018 | D:3      | Killed Terence
  3235 | D:3      | Reached skill level 5 in Unarmed Combat
  3383 | D:4      | Found a shadowy altar of Dithmenos.
  4261 | D:4      | Found a snail-covered altar of Cheibriados.
  4361 | D:4      | Gained mutation: You have a pair of horns on your head.
                  | [demonic ancestry]
  4361 | D:4      | Reached XP level 7. HP: 55/55 MP: 7/7
  4455 | D:5      | Entered Level 5 of the Dungeon
  4525 | D:5      | Reached skill level 5 in Fighting
  4599 | D:5      | Found a staircase to the Ecumenical Temple.
  4613 | D:5      | Reached skill level 6 in Unarmed Combat
  4686 | Temple   | Entered the Ecumenical Temple
  4737 | Temple   | Became a worshipper of Warmaster Okawaru
  4737 | Temple   | Reached * piety under Okawaru
  4737 | Temple   | Reached ** piety under Okawaru
  4885 | D:5      | Found a hide-covered altar of Uskayaw.
  4885 | D:5      | Found an ornate altar of the Wu Jian Council.
  4996 | D:5      | Noticed Eustachio
  5050 | D:5      | Killed Eustachio
  5051 | D:5      | Reached skill level 5 in Dodging
  5051 | D:5      | Gained mutation: You are partially covered in molten
                  | scales. (AC +2) [demonic ancestry]
  5051 | D:5      | Reached XP level 8. HP: 47/63 MP: 8/8
  5383 | D:5      | Reached skill level 7 in Unarmed Combat
  5675 | D:6      | Noticed Grinder
  5697 | D:6      | Killed Grinder
  5750 | D:6      | Reached skill level 8 in Unarmed Combat
  5776 | D:6      | Reached *** piety under Okawaru
  5787 | D:6      | Found a stormy altar of Qazlal.
  5800 | D:6      | Reached XP level 9. HP: 50/71 MP: 9/9
  6035 | D:6      | Found Zyut Vuifusm's Distillery.
  6268 | D:7      | Found a sparkling altar of Nemelex Xobeh.
  6383 | D:7      | HP: 1/62 [wight/+4 mace (3)]
  6718 | D:7      | Noticed Joseph
  6724 | D:8      | Noticed a two-headed ogre
  6785 | D:7      | Killed Joseph
  6786 | D:7      | Reached skill level 9 in Unarmed Combat
  7107 | D:7      | Found a shimmering altar of Xom.
  7378 | D:7      | Received a gift from Okawaru
  7671 | D:7      | Noticed Prince Ribbit
  7679 | D:7      | Killed Prince Ribbit
  7759 | D:7      | Reached XP level 10. HP: 80/80 MP: 10/10
  8148 | D:8      | Reached skill level 10 in Unarmed Combat
  8337 | D:8      | Reached skill level 1 in Spellcasting
  8356 | D:8      | Noticed a deep elf pyromancer
  8362 | D:8      | Killed a deep elf pyromancer
  8363 | D:8      | Reached skill level 1 in Transmutations
  8667 | D:8      | Killed a two-headed ogre
  9254 | D:9      | Noticed a two-headed ogre
  9291 | D:9      | Noticed a two-headed ogre
  9296 | D:9      | Found Nexkiv's General Store.
  9340 | D:9      | Reached **** piety under Okawaru
  9521 | D:9      | Noticed a two-headed ogre
  9528 | D:9      | Killed a two-headed ogre
  9612 | D:9      | Killed a two-headed ogre
  9709 | D:9      | Reached skill level 11 in Unarmed Combat
  9799 | D:9      | Found an opulent altar of Gozag.
  9853 | D:9      | Found a staircase to the Orcish Mines.
  9880 | D:9      | Gained mutation: You punish those that try to bend your
                  | will. (Will+) [demonic ancestry]
  9880 | D:9      | Reached XP level 11. HP: 87/87 MP: 15/15
 10058 | D:9      | Noticed Gastronok
 10083 | D:9      | Killed a two-headed ogre
 10117 | D:9      | Killed Gastronok
 10613 | D:9      | Found the +5 robe of Night {Dark Will+ SInv}
 10701 | D:10     | Entered Level 10 of the Dungeon
 10713 | D:10     | Noticed Nergalle
 10737 | D:10     | Killed Nergalle
 10737 | D:10     | Reached ***** piety under Okawaru
 10989 | D:10     | Found a bloodstained altar of Trog.
 11474 | D:10     | Noticed Erica
 11487 | D:10     | Killed Erica
 11488 | D:10     | Reached skill level 12 in Unarmed Combat
 11589 | D:10     | Found a staircase to the Lair.
 12405 | Lair:1   | Entered Level 1 of the Lair of Beasts
 12412 | Lair:1   | Identified the amulet of Paizariu {Spirit Str+3 Int+3}
 12542 | Lair:1   | Reached XP level 12. HP: 97/97 MP: 19/19
 12599 | Lair:1   | Noticed Fannar
 12609 | Lair:1   | Killed Fannar
 12941 | Lair:1   | Reached skill level 5 in Spellcasting
 12941 | Lair:1   | Reached skill level 5 in Transmutations
 13283 | Lair:1   | Noticed a boulder beetle
 13311 | Lair:1   | Killed a boulder beetle
 13312 | Lair:1   | Reached skill level 10 in Fighting
 13490 | Lair:1   | Identified the +1 quarterstaff "Killer Bee's Peril" {drain,
                  | Str+5 Stlth+} (Okawaru gifted it to you on level 1 of the
                  | Lair of Beasts)
 13490 | Lair:1   | Received a gift from Okawaru
 13705 | Lair:1   | Reached skill level 13 in Unarmed Combat
 14312 | Lair:2   | Noticed Amaemon
 14573 | Lair:2   | Found a frozen archway.
 14581 | IceCv    | Entered an ice cave
 15127 | IceCv    | Noticed an ice dragon
 15251 | IceCv    | Killed an ice dragon
 15252 | IceCv    | Reached XP level 13. HP: 92/104 MP: 11/22
 15414 | IceCv    | Identified the ring "Etram" {Fly rCorr Str+2 Int+2 SInv}
 15766 | Lair:2   | Killed Amaemon
 15959 | Lair:2   | Reached skill level 10 in Dodging
 16040 | Lair:2   | Found a staircase to the Shoals.
 17588 | Lair:2   | Reached skill level 14 in Unarmed Combat
 18556 | Lair:3   | Found a staircase to the Snake Pit.
 18955 | Lair:4   | Found a runed translucent door.
 19427 | Lair:4   | Found a runed translucent gate.
 19427 | Lair:4   | Identified the +2 hat of the Armadillo {Str+4}
 19439 | Lair:4   | Found a runed translucent gate.
 19439 | Lair:4   | Found a runed translucent gate.
 19439 | Lair:4   | Found a runed translucent gate.
 19439 | Lair:4   | Found a runed translucent gate.
 19440 | Lair:4   | Identified the +10 whip of Hepliaklqana, Riding {drain, rC+
                  | Str+4}
 19442 | Lair:4   | Found a runed translucent gate.
 19526 | Lair:4   | Reached XP level 14. HP: 92/113 MP: 19/25
 19670 | Lair:4   | Noticed Nessos
 20326 | Lair:4   | Found a runed translucent door.
 20327 | Lair:4   | Noticed Mouclenn's ghost (journeyman DEFE)
 20370 | Lair:4   | Killed Mouclenn's ghost
 20376 | Lair:4   | Identified the ring of Pommaponiu {Fire rCorr Dex+5}
 20510 | Lair:4   | HP: 5/113 [Nessos/arrow (3)]
 20816 | Lair:5   | Entered Level 5 of the Lair of Beasts
 20816 | Lair:5   | Found a viscous altar of Jiyva.
 20816 | Lair:5   | Found a staircase to the Slime Pits.
 21574 | Lair:5   | Reached skill level 15 in Unarmed Combat
 21676 | Lair:5   | Found a runed translucent door.
 22983 | Lair:5   | Noticed Sonja
 22995 | Lair:5   | Killed Sonja
 23412 | Orc:1    | Entered Level 1 of the Orcish Mines
 23458 | Orc:1    | Found Efarex's Weapon Shop.
 23643 | Orc:2    | Entered Level 2 of the Orcish Mines
 23759 | Orc:1    | Found Uveq's General Store.
 23797 | Orc:1    | Found Nyetuofo's Specific Store.
 23901 | Orc:1    | You are sucked into a shaft and drop 1 floor!
 24606 | Orc:2    | Found a staircase to the Elven Halls.
 24728 | Orc:2    | Gained mutation: You are resistant to unholy torment.
                  | [demonic ancestry]
 24728 | Orc:2    | Reached XP level 15. HP: 93/121 MP: 24/27
 24903 | Orc:2    | Found Fibb's General Store.
 24906 | Orc:2    | Found Peggu's Antique Weapon Shop.
 24907 | Orc:2    | Found Yshrunuxe's Weapon Boutique.
 24908 | Orc:2    | Found Tiorphedd's Antique Weapon Boutique.
 24915 | Orc:2    | Bought a scroll of teleportation for 45 gold pieces
 24915 | Orc:2    | Bought the +4 leather armour "Lajoofis" {rPois rCorr Int+7
                  | Dex-3} for 708 gold pieces
 24915 | Orc:2    | Bought a potion of haste for 150 gold pieces
 24915 | Orc:2    | Bought 2 potions of curing for 90 gold pieces
 25614 | D:11     | Learned a level 2 spell: Ensorcelled Hibernation
 25618 | D:11     | Learned a level 3 spell: Spider Form
 25621 | D:11     | Learned a level 2 spell: Wereblood
 25629 | D:11     | Learned a level 7 spell: Dragon Form
 25631 | D:11     | Learned a level 1 spell: Apportation
 25686 | D:11     | Found a portal to a secret trove of treasure.
 25836 | D:11     | Found a hide-covered altar of Uskayaw.
 26586 | D:12     | Noticed Psyche
 26590 | D:12     | Killed Psyche
 26616 | D:12     | Reached skill level 16 in Unarmed Combat
 26648 | D:12     | Identified the +11 short sword "Rex Olug" {protect, rElec
                  | rPois rF+}
 26677 | D:12     | Noticed a tengu reaver
 26684 | D:12     | Killed a tengu reaver
 27144 | D:12     | Noticed Josephine
 27151 | D:12     | Killed Josephine
 27779 | D:13     | Received a gift from Okawaru
 28027 | D:14     | Noticed Rupert
 28027 | D:14     | Found a gate to the Vaults.
 28652 | D:14     | Killed Rupert
 29473 | D:14     | Identified the +0 pair of boots "Qot Ani" {rElec rPois
                  | Str+9 Dex-4} (Okawaru gifted it to you on level 14 of the
                  | Dungeon)
 29473 | D:14     | Received a gift from Okawaru
 29822 | D:15     | Entered Level 15 of the Dungeon
 30032 | D:15     | Found Aguu's Assorted Antiques.
 30075 | D:15     | Gained mutation: You are mostly covered in molten scales.
                  | (AC +3) [demonic ancestry]
 30075 | D:15     | Reached XP level 16. HP: 130/130 MP: 24/29
 30401 | D:15     | Bought a scroll of identify for 76 gold pieces
 30401 | D:15     | Bought a scroll of enchant armour for 285 gold pieces
 30519 | D:15     | Found a staircase to the Depths.
 30837 | D:15     | Found a broken altar of Ashenzari.
 31144 | D:15     | Noticed Jorgrun
 31150 | D:15     | Killed Jorgrun
 31151 | D:15     | Reached skill level 17 in Unarmed Combat
 31569 | D:15     | Found Cheibriados's Comfort Zone.
 31572 | D:15     | Found a snail-covered altar of Cheibriados.
 31828 | Snake:1  | Entered Level 1 of the Snake Pit
 32521 | Snake:1  | Learned a level 3 spell: Ignite Poison
 32846 | Snake:1  | Found Arapiez's Jewellery Emporium.
 32848 | Snake:1  | Found Omost's General Store.
 32850 | Snake:1  | Found Kesuyn's Book Emporium.
 32858 | Snake:1  | Bought a scroll of fear for 52 gold pieces
 34313 | Snake:2  | Identified the +7 arbalest of Bread {heavy, Will+++ Str+3
                  | Int-3}
 35336 | Snake:3  | Identified the +7 demon trident of a wizard's laboratory
                  | {elec, rPois rN+ Str+6} (Okawaru gifted it to you on level
                  | 3 of the Snake Pit)
 35336 | Snake:3  | Received a gift from Okawaru
 35422 | Snake:3  | Found Yfoazeil's Book Shop.
 35422 | Snake:3  | Found Pugierij's Jewellery Boutique.
 35739 | Snake:3  | Reached skill level 18 in Unarmed Combat
 35964 | Snake:3  | Gained mutation: You have a pair of large horns on your
                  | head. [demonic ancestry]
 35964 | Snake:3  | Reached XP level 17. HP: 28/139 MP: 4/30
 37197 | Snake:4  | Entered Level 4 of the Snake Pit
 37221 | Snake:4  | Identified the +4 war axe of Cukiha Mipa {venom, rElec
                  | Str+5 Dex+3}
 37222 | Snake:4  | Found a shimmering blue altar of Sif Muna.
 37616 | Snake:4  | Reached skill level 5 in Stealth
 37986 | Snake:4  | Reached skill level 1 in Armour
 38130 | Snake:4  | Noticed Vashnia
 38260 | Snake:4  | Received a gift from Okawaru
 38382 | Snake:4  | Killed Vashnia
 39731 | Snake:4  | Reached skill level 19 in Unarmed Combat
 40038 | Snake:4  | Reached skill level 15 in Fighting
 40142 | Snake:4  | Got a serpentine rune of Zot
 41004 | Snake:3  | Bought the ring of Zoalualo {Will+ Int+3 Dex+4} for 747
                  | gold pieces
 41343 | Shoals:1 | Entered Level 1 of the Shoals
 41380 | Shoals:1 | Noticed Nikola
 41395 | Shoals:1 | Killed Nikola
 41416 | Shoals:1 | Reached XP level 18. HP: 72/149 MP: 9/31
 42005 | Shoals:2 | Received a gift from Okawaru
 43090 | Shoals:2 | Learned a level 3 spell: Swiftness
 44008 | Shoals:3 | Noticed Polyphemus
 44019 | Shoals:3 | Killed Polyphemus
 44617 | Shoals:3 | Reached skill level 5 in Armour
 44883 | Shoals:3 | Found Saugesusm's Assorted Antiques.
 45731 | Shoals:4 | Entered Level 4 of the Shoals
 45733 | Shoals:4 | Reached skill level 20 in Unarmed Combat
 45733 | Shoals:4 | Gained mutation: Spells you cast may paralyse nearby
                  | enemies. [demonic ancestry]
 45733 | Shoals:4 | Reached XP level 19. HP: 157/157 MP: 32/32
 46035 | Shoals:4 | Got Jighugau's Secrets of the Zephyr and Infection
 46258 | Shoals:4 | Received a gift from Okawaru
 46374 | Shoals:2 | Identified the +0 animal skin of Agoraphobia {rElec Int+3}
 47298 | Shoals:4 | Received a gift from Okawaru
 47299 | Shoals:4 | Reached skill level 15 in Dodging
 47405 | Shoals:4 | Got a barnacled rune of Zot
 49352 | Elf:1    | Entered Level 1 of the Elven Halls
 49510 | Elf:1    | Paralysed by an air elemental for 1 turns
 49625 | Elf:1    | Noticed Asterion
 49632 | Elf:1    | Killed Asterion
 49667 | Elf:1    | Gained mutation: A meltable icy envelope protects you from
                  | harm. (AC +0) [demonic ancestry]
 49667 | Elf:1    | Reached XP level 20. HP: 107/165 MP: 14/33
 50565 | Elf:2    | Found the +5 robe of Misfortune {Harm *Corrode *Slow EV+5}
 50748 | Elf:2    | Found a runed translucent gate.
 50748 | Elf:2    | Found a runed translucent gate.
 50749 | Elf:2    | Found a runed translucent gate.
 51204 | Elf:2    | Identified the +10 glaive of Ymnar {freeze, Drain rElec
                  | SInv} (Okawaru gifted it to you on level 2 of the Elven
                  | Halls)
 51204 | Elf:2    | Received a gift from Okawaru
 51215 | Abyss:2  | Cast into level 2 of the Abyss (+5 quick blade of
                  | distortion)
 51230 | Elf:2    | Escaped the Abyss
 52357 | Elf:3    | Entered Level 3 of the Elven Halls
 52791 | Elf:3    | Received a gift from Okawaru
 53181 | Elf:3    | Identified the ring "Aphiavir" {Fire Dex+6}
 53440 | Elf:3    | Identified the +8 double sword of Trial by Ordeal {holy,
                  | rElec SInv}
 53440 | Elf:3    | Identified the +0 leather armour of Guobas {Str+3}
 53509 | Elf:3    | Identified the +1 leather armour of Follow the Leader
                  | {rElec rF+ Int+3}
 53545 | Elf:3    | Identified the +6 dagger "Demonspawn's Regret" {elec,
                  | Str+2}
 53597 | Elf:3    | Identified the ring "Ihokhuf" {Will+ Str+3}
 54274 | Elf:3    | Identified the +6 glaive "Ahathafo" {drain, Drain rPois rF+
                  | rC+}
 54274 | Elf:3    | Identified the amulet "Toronule" {Reflect rF+ Str+3 Dex-3
                  | SH+5}
 54819 | Elf:3    | Identified the +5 chain mail of Lys Zoha {rElec rF+ Stlth+}
 55180 | Elf:3    | Identified the +2 mace of the Candelabrum {freeze, rElec}
 55189 | Elf:3    | Identified the ring "Umuhoos" {rElec SInv Stlth+}
 55492 | Vaults:1 | Entered Level 1 of the Vaults
 57906 | Vaults:2 | Noticed Mennas
 57937 | Vaults:1 | Reached XP level 21. HP: 79/174 MP: 28/34
 58275 | Vaults:2 | Found a staircase to the Crypt.
 59336 | Vaults:2 | Identified the +9 executioner's axe of Okawaru, Writhing
                  | {drain, rC+ Will- rCorr} (Okawaru gifted it to you on level
                  | 2 of the Vaults)
 59336 | Vaults:2 | Received a gift from Okawaru
 59391 | Vaults:2 | Reached skill level 10 in Armour
 59695 | Vaults:2 | Killed Mennas
 59770 | Vaults:2 | Gained mutation: You can hurl damnation. [demonic ancestry]
 59770 | Vaults:2 | Reached XP level 22. HP: 183/183 MP: 35/35
 59782 | Vaults:2 | Found Calat's Antique Weapon Emporium.
 59792 | Vaults:2 | Identified the +3 mace of the Known World {vamp, *Slow
                  | Will++ Int+2}
 59961 | Vaults:2 | Found a runed translucent door.
 59961 | Vaults:2 | Found a shimmering altar of Xom.
 59961 | Vaults:2 | Identified the +6 scimitar of Dividends {chaos, Will++}
 59961 | Vaults:2 | Noticed Wyfalan's ghost (adept DrCj)
 60180 | Vaults:2 | Noticed Boris
 60312 | Vaults:2 | Killed Wyfalan's ghost
 60399 | Vaults:3 | Noticed Xtahua
 60416 | Vaults:3 | Killed Xtahua
 60445 | Vaults:3 | Found a magical portal.
 60450 | WizLab   | Entered Tukima's Studio
 61176 | WizLab   | Identified the +2 pair of gloves of the Trout {rElec}
 61407 | Vaults:3 | Found a gateway to a bazaar.
 61414 | Bazaar   | Entered a bazaar
 61418 | Bazaar   | Found Romeot's General Store.
 61437 | Bazaar   | Found Rusmi's Antique Armour Shoppe.
 61442 | Bazaar   | Bought an embroidered scarf for 176 gold pieces
 61455 | Bazaar   | Found Paub's Book Boutique.
 61473 | Bazaar   | Found Liann's Antique Weapon Emporium.
 61528 | Bazaar   | Bought a book of Spatial Translocations for 216 gold pieces
 61570 | Bazaar   | Bought 5 curare-tipped darts for 60 gold pieces
 62723 | Vaults:3 | Reached skill level 21 in Unarmed Combat
 62771 | Vaults:3 | Identified the +4 scale mail of Watchfulness {rPois rCorr
                  | Str+2} (Okawaru gifted it to you on level 3 of the Vaults)
 62771 | Vaults:3 | Received a gift from Okawaru
 63394 | Vaults:4 | Gained mutation: You are completely covered in molten
                  | scales. (AC +4, rF+) [demonic ancestry]
 63394 | Vaults:4 | Reached XP level 23. HP: 191/191 MP: 30/36
 65500 | D:11     | Learned a level 2 spell: Blink
 65599 | Depths:1 | Entered Level 1 of the Depths
 65638 | Depths:1 | Noticed Dameikh's ghost (veteran FoFi)
 65639 | Depths:1 | Noticed a dread lich
 65641 | Depths:1 | Identified a scroll of acquirement
 65819 | Depths:1 | Found a hazy altar of Hepliaklqana.
 65846 | Depths:1 | Found a gateway to Hell.
 65928 | Depths:1 | Paralysed by a floating eye for 4 turns
 66038 | Depths:1 | Received a gift from Okawaru
 66091 | Depths:1 | Found a runed translucent door.
 66096 | Depths:1 | Found a runed translucent door.
 66174 | Depths:1 | You are sucked into a shaft and drop 1 floor!
 66174 | Depths:2 | Found a large runed translucent door.
 66226 | Depths:2 | Slain by a fire giant

Illustrated notes

Levels and vault maps discovered:
D:1:      moated_graveyard_arrival, layout_basic, minmay_pentomino_r2
D:2:      layout_basic, hellmonk_ecumenical_altar_watching_god,
          amcnicky_mini_rare_corridor_liquid, uniq_robin
D:3:      layout_loops_corners, fedhas_altar_fruit_tree,
          nicolae_overflow_hidden_temple, serial_glass, glass_columns_c,
          glass_columns_a, minmay_misc_feat_enclosed, hangedman_glass_teeth,
          kennysheep_generic_room_15, uniq_terence, uniq_sigmund
D:4:      layout_gridville, grunt_dithmenos_smoke, kennysheep_little_box,
          kennysheep_path_1
D:5:      layout_basic, gammafunk_temple_overflow_statue,
          minmay_temple_entry_crystal_x, uniq_eustachio
D:6:      layout_loops_ring, mainiacjoe_overflow_boulevard, serial_shops, shop,
          uniq_grinder
D:7:      layout_gridville, nemelex_xobeh_ov_fountains_minmay,
          lemuel_coloured_pillars_altar, uniq_prince_ribbit1, uniq_joseph
D:8:      kennysheep_blocky_hall, layout_loops_ring, lemuel_tele_altar,
          zin_academy, st_stairs_14
D:9:      layout_cave_pools, mainiacjoe_overflow_concentric_impassable,
          hiddenorc2_lemuel, serial_shops, shop, hellmonk_guarded_unrand_night,
          uniq_gastronok
D:10:     layout_basic, trog_ov_bears_minmay, erik_lair_island, uniq_erica,
          uniq_nergalle
D:11:     layout_rooms, nicolae_trove_entry_crossroad,
          eat_drink_and_be_merry_uskayaw
D:12:     nzn_winding_woodlands_three_and_one
          [nzn_winding_woodlands_5x15_default,
          nzn_winding_woodlands_5x15_pockets,
          nzn_winding_woodlands_5x15_split_checker,
          nzn_winding_woodlands_center_diamonds], layout_basic,
          hangedman_cracks_in_the_wall, uniq_josephine, uniq_psyche
D:13:     layout_loops_ring
D:14:     layout_grid_maze, david_vaults_3, minmay_crystal_water
D:15:     hangedman_depths_entry_civil_slaughter, layout_basic, serial_shops,
          nicolae_square_shop, ashenzari_conservatory_becter, minmay_shop_chei,
          serial_bayou_lake_a, uniq_jorgrun
Temple:   nicolae_temple_cloud_nine
Lair:1:   layout_cave_shapes, uniq_fannar
Lair:2:   layout_cave_shapes, elwin_shoals_entry_stream, portal_ice_cave_rime,
          special_room [special_room_bee], grunt_megastairs_3, uniq_amaemon
Lair:3:   layout_misc_corridors, minmay_snake_entry_guardpost_small
Lair:4:   gammafunk_indiana_jones, layout_cellular_growth,
          ebering_ghost_inner_flame, uniq_nessos
Lair:5:   wormcave, layout_long_grid, hangedman_lair_caniforms_friends,
          slime_entry_1, chequers_serial_rivers_small_3, st_stairs_4,
          uniq_sonja, uniq_rupert
Shoals:1: layout_shoals, uniq_nikola
Shoals:2: argonaut_golden_fleece, layout_shoals
Shoals:3: layout_shoals, serial_shops, nicolae_square_shop,
          nicolae_shoals_nautilus_by_nature, nicolae_shoals_drake_roost,
          uniq_polyphemus
Shoals:4: shoals_end_simple, layout_shoals
Snake:1:  layout_onion, beargit_elvish_explorers, serial_bayou_shore_b,
          minmay_shop_star
Snake:2:  layout_chambers
Snake:3:  layout_cave_pods, serial_bayou, serial_bayou_shore_a,
          serial_bayou_pond_e, serial_bayou_shore_b, serial_bayou_pond_c,
          nicolae_snake_omega, minmay_shoptagon
Snake:4:  johnstein_snake_rune_scales, layout_layer_cave, basic_altar,
          nicolae_snake_lava_pool, lemuel_fruit_tree
Orc:1:    layout_caves, serial_shops, nicolae_shop_bloodbath_and_beyond,
          nicolae_specific_store
Orc:2:    st_orc_pillars, layout_diamond_mine
Elf:1:    layout_loops_cross, kennysheep_underground_church, uniq_asterion
Elf:2:    elven_hall_of_blades_hangedman_original [nicolae_blade_lattice],
          layout_geoelf_octagon, nicolae_elf_variegated_diamond
Elf:3:    elf_hall_gauntlet_narrow, layout_geoelf_diagonals
Vaults:1: v_misc_12, nicolae_vaults_little_ls, v_misc_23, v_misc_22,
          grunt_vaults_hallway_short, nicolae_vaults_network_star, v_misc_23,
          layout_vaults_omnigrid
Vaults:2: ebering_ghost_xom, grunt_vaults_trifunnel, vaults_room_fours,
          grunt_vaults_diagonal, ontoclasm_vaults_ring_large, v_alt_pattern_6,
          v_misc_8, nicolae_vaults_little_squares_6, grunt_vaults_funnel,
          minmay_crypt_entry_nasty_monster, dpeg_vaults_monster_row,
          nicolae_vaults_theta, v_rooms_6, v_misc_23, vaults_room_ringed_pool,
          layout_vaults_omnibox, serial_shops, shop_fountains, uniq_boris,
          uniq_mennas
Vaults:3: infiniplex_enter_wizlab_spiral, v_misc_12,
          hangedman_vaults_river_flow, vaults_room_corners, v_pattern_2,
          nicolae_vaults_ninety_degrees, v_misc_18, vaults_room_hallway,
          nicolae_vaults_ring_of_whatevers, nicolae_vaults_big_angled_halls,
          vaults_room_large_hall, vaults_mumra_lcd, hangedman_vaults_impose,
          dpeg_vaults_hating_casters, vaults_room_pools, layout_vaults_maze,
          serial_shops, statue_bzr, uniq_xtahua
Vaults:4: ontoclasm_vaults_eye, ontoclasm_vaults_fault,
          nicolae_vaults_three_branches, v_misc_19, v_misc_2, vaults_dpeg_ring,
          nicolae_vaults_stairing_the_circle, v_alt_pattern_6, v_misc_25,
          ontoclasm_vaults_twist, hangedman_vaults_variations,
          layout_vaults_ring, serial_glass
Depths:1: layout_roguey, muffindrake_ghost_dual_entry, hell_entry,
          worldfamousw_hep_ancestral_shrine
Depths:2: minmay_five_octagons, layout_basic, serial_shops, nicolae_square_shop,
          hell_entry, grunt_gozag_breadcrumbs, pan_entry,
          minmay_misc_feat_cross, nicolae_shop_i_like_big_books

Skill      XL: |  1  2  3  4  5  6  7  8  9 10 11 12 13 14 15 16 17 18 19 20 21 22 23 |
---------------+----------------------------------------------------------------------+-----
Unarmed Combat | 3 4 5 6 8 9 11 12 13 14 15 16 18 19 20 21 | 21.8
Dodging        | 3 4 5 6 7 8 9 10 11 12 13 14 15 17 18 19 | 19.1
Fighting       | 4 5 6 7 8 9 10 11 12 13 14 15 16 17 18 | 18.9
Spellcasting   | 3 4 6 7 8 9 |  9.8
Transmutations | 2 4 6 7 8 9 |  9.8
Stealth        | 3 5 |  5.1
Armour         | 3 5 6 9 10 11 | 11.7
Hexes          | 4 |  4.6

Action                     |  1- 3 |  4- 6 |  7- 9 | 10-12 | 13-15 | 16-18 | 19-21 | 22-24 || total
---------------------------+-------+-------+-------+-------+-------+-------+-------+-------++-------
  Melee: Unarmed           |   224 |   252 |   289 |   776 |  1411 |   824 |   695 |   451 ||  4922
         Punch             |     5 |    11 |    15 |    78 |   127 |   112 |    97 |    75 ||   520
         Headbutt          |       |    24 |    73 |   198 |   332 |   187 |   176 |   162 ||  1152
   Cast: Blade Hands       |       |       |       |       |    37 |    65 |    77 |    51 ||   230
         Wereblood         |       |       |       |       |       |     5 |       |       ||     5
         Ensorcelled Hiber |       |       |       |       |       |     2 |     2 |       ||     4
 Invoke: Heroism           |       |       |     7 |    36 |    50 |    30 |    22 |     7 ||   152
         Finesse           |       |       |       |       |     1 |     1 |     2 |     2 ||     6
Ability: Hurl Damnation    |       |       |       |       |       |       |       |     3 ||     3
  Evoke: Wand              |       |       |       |       |       |       |     2 |       ||     2
    Use: Scroll            |       |     5 |     6 |     6 |    19 |    15 |    10 |     4 ||    65
         Potion            |       |     1 |     2 |     6 |     5 |     7 |    13 |       ||    34
   Stab: Sleeping          |     7 |       |       |       |     7 |     2 |    10 |       ||    26
         Distracted        |     1 |       |       |       |     2 |     3 |       |       ||     6
         Paralysed         |       |       |       |       |    13 |    15 |    10 |     8 ||    46
         Petrified         |       |       |       |       |     3 |       |       |       ||     3
         Invisible         |       |       |       |       |       |       |     6 |       ||     6
 Armour: Robe              |    15 |       |       |       |       |       |       |       ||    15
         Ring mail         |    16 |     6 |       |       |       |       |       |       ||    22
         Scale mail        |       |    39 |    36 |   126 |    10 |       |       |       ||   211
         Leather armour    |       |       |       |       |   207 |   132 |   117 |    74 ||   530
  Dodge: Dodged            |   153 |   125 |   250 |   661 |  1265 |   739 |   420 |   275 ||  3888
  Block: Other             |    30 |    34 |    44 |   105 |   202 |    99 |   130 |   112 ||   756
         Reflection        |       |       |       |       |       |       |    17 |    11 ||    28

Table legend: (Time is in decaauts)
 A = Elapsed time spent in this place.
 B = Non-inter-level travel time spent in this place.
 C = Inter-level travel time spent in this place.
 D = Time resting spent in this place.
 E = Time spent auto-exploring this place.
 F = Levels seen in this place.
 G = Mean time per level.
                   A        B        C        D        E       F      G
               +--------+--------+--------+--------+--------+-----+--------+
         Total |  64841 |  61250 |   3591 |  22366 |  25651 |  44 | 1473.7 |
       Dungeon |  19486 |  17875 |   1611 |   4678 |   9569 |  15 | 1299.1 |
        Temple |     57 |     57 |      0 |      0 |     40 |   1 |   57.0 |
          Lair |  10862 |  10095 |    767 |   4159 |   3328 |   5 | 2172.4 |
        Shoals |   6540 |   6307 |    233 |   2799 |   2326 |   4 | 1635.0 |
     Snake Pit |   9008 |   8603 |    405 |   3762 |   3076 |   4 | 2252.0 |
  Orcish Mines |   1915 |   1801 |    114 |    454 |    691 |   2 |  957.5 |
   Elven Halls |   5838 |   5636 |    202 |   2232 |   2224 |   3 | 1946.0 |
        Vaults |   8532 |   8277 |    255 |   3229 |   3800 |   4 | 2133.0 |
        Depths |    597 |    597 |      0 |     16 |    426 |   2 |  298.5 |
         Abyss |     14 |     14 |      0 |      0 |      0 |   1 |   14.0 |
        Bazaar |    218 |    218 |      0 |      0 |      0 |   1 |  218.0 |
      Ice Cave |    884 |    884 |      0 |    489 |    102 |   1 |  884.0 |
        Wizlab |    884 |    884 |      0 |    544 |     68 |   1 |  884.0 |
               +--------+--------+--------+--------+--------+-----+--------+

Top non-repeatable levels by time:
 Snake:4: 3222 daAuts
   Elf:3: 2880 daAuts
  Lair:1: 2806 daAuts
Vaults:1: 2531 daAuts
  Lair:5: 2337 daAuts
Vaults:2: 2289 daAuts
  Lair:4: 2255 daAuts
  Lair:2: 2135 daAuts
 Snake:2: 2072 daAuts
Shoals:3: 2068 daAuts
 Snake:1: 2000 daAuts
    D:10: 1891 daAuts
Vaults:3: 1888 daAuts
   Elf:2: 1844 daAuts
Vaults:4: 1823 daAuts
